 Dungeon Crawl Stone Soup version 0.29-a0-1033-gb6c65ffae6 (webtiles) character file.

Game seed: 348562062509668316

19969 Newt the Cleaver (level 12, -3/73 (85) HPs)
             Began as a Demonspawn Gladiator on Aug 14, 2022.
             Was a High Priest of Hepliaklqana.
             Slain by Azrael
             ... wielding a +0 scimitar of flaming
              (6 damage)
             ... on level 1 of the Orcish Mines.
             The game lasted 00:43:54 (10797 turns).

Newt the Cleaver (Demonspawn Gladiator)            Turns: 10797, Time: 00:43:55

HP:   -3/73 (85)    AC: 13    Str: 18    XL:     12   Next: 41%
MP:   14/14         EV: 15    Int: 10    God:    Hepliaklqana [*****.]
Gold: 419           SH:  0    Dex: 20    Spells: 11/11 levels left

rFire   + . .      SeeInvis .   a - +3 woodcutter's axe {vorpal}
rCold   + . .      Faith    .   (shield currently unavailable)
rNeg    . . .      Spirit   .   R - +1 ring mail {rF+}
rPois   .          Reflect  .   r - +2 hat
rElec   .          Harm     .   Z - +1 cloak of Subjectivity {+Inv rC+}
rCorr   +          Rampage  .   g - +0 pair of gloves
Will    +....                   (boots unavailable)
Stlth   ++++......              u - amulet of the acrobat
HPRegen 0.22/turn               s - ring of willpower
MPRegen 0.14/turn               A - ring of resist corrosion

@: heavily drained
A: reduced essence, hooves 3, thin skeletal structure 2, demonic guardian 2,
ignite blood 1
a: Renounce Religion, Evoke Invisibility, Recall Ancestor, Ancestor Identity,
Transference, Idealise


You were on level 1 of the Orcish Mines.
You worshipped Hepliaklqana.
Hepliaklqana was extremely pleased with you.
You visited 2 branches of the dungeon, and saw 12 of its levels.
You also visited: Sewer and Bailey.

You collected 680 gold pieces.
You spent 261 gold pieces at shops.

Inventory:

Hand Weapons
 a - the +3 woodcutter's axe (weapon) {vorpal}
   (You found it on level 2 of the Dungeon)

   It inflicts extra damage upon your enemies.
 b - a +0 sling
 y - a +0 vorpal hand axe
 G - a +4 great sword of freezing
 O - the +12 war axe of Conscience {holy, Dex+2}
   (You bought it in a shop on level 6 of the Dungeon)

   It has been blessed by the Shining One to cause great damage to the undead
   and demons.
   Dex:       It affects your dexterity (+2).
 P - a +1 battleaxe
Missiles
 c - 3 boomerangs of dispersal
 d - 5 throwing nets (quivered)
 e - 12 javelins
 H - 4 atropa-tipped darts
Armour
 g - a +0 pair of gloves (worn)
 r - a +2 hat (worn)
 F - a +2 troll leather armour {Pargi}
 Q - the +4 Cigotuvi's embrace {rMiasma Drain rN+}
   (You found it in a bailey)

   It gathers nearby corpses to temporarily increase the armour it provides.
   It protects you from foul pestilence.
   rN:        It protects you from negative energy.
   Drain:     It drains your maximum health when unequipped.
 R - a +1 ring mail of fire resistance (worn)
 S - a +3 ring mail of poison resistance
 T - the +5 scale mail "Allua" {rC+ Str+3}
   (You found it in a bailey)

   Str:       It affects your strength (+3).
   rC:        It protects you from cold.
 Z - the +1 cloak of Subjectivity (worn) {+Inv rC+}
   (You found it on level 9 of the Dungeon)

   rC:        It protects you from cold.
   +Inv:      It lets you turn invisible.
Jewellery
 s - a ring of willpower (left hand)
 u - an amulet of the acrobat (around neck)
 v - a ring of fire
 A - a ring of resist corrosion (right hand)
 J - a ring of flight
 X - a ring of poison resistance
Wands
 h - a wand of charming (1)
 M - a wand of roots (6)
 N - a wand of polymorph (20)
Scrolls
 p - 4 scrolls of fear
 w - 6 scrolls of teleportation
 x - a scroll of fog
 z - a scroll of noise
 B - a scroll of summoning {unknown}
 C - a scroll of amnesia
 I - a scroll of magic mapping {unknown}
 K - a scroll of immolation
 L - a scroll of torment {unknown}
Potions
 f - a potion of cancellation
 j - 6 potions of curing
 k - 2 potions of lignification
 n - 3 potions of attraction
 o - 3 potions of haste
 q - 2 potions of magic
 t - a potion of berserk rage
 D - 3 potions of mutation {unknown}
 E - 3 potions of brilliance {unknown}
 U - a potion of invisibility
 V - a potion of might


   Skills:
 - Level 9.0 Fighting
 - Level 4.0 Short Blades
 - Level 10.0 Axes
 - Level 1.7 Throwing
 - Level 8.0 Armour
 - Level 6.2 Dodging
 - Level 3.1 Stealth
 + Level 2.8 Invocations
 - Level 9.0 Evocations


You had 11 spell levels left.
You didn't know any spells.
Your spell library contained the following spells:

 Spells                   Type           Power      Damage    Failure   Level
 Foxfire                  Conj/Fire      0%         2x1d4     52%         1
 Magic Dart               Conj           0%         1d3       52%         1
 Call Imp                 Summ           0%         N/A       67%         2
 Poisonous Vapours        Pois/Air       0%         N/A       67%         2
 Static Discharge         Conj/Air       0%         3-3/arc   67%         2
 Conjure Flame            Conj/Fire      0%         6-21      88%         3
 Ignite Poison            Fire/Tmut/Pois 0%         N/A       88%         3
 Inner Flame              Hex/Fire       0%         N/A       88%         3
 Mephitic Cloud           Conj/Pois/Air  0%         N/A       88%         3
 Animate Armour           Summ/Erth      0%         N/A       99%         4
 Corpse Rot               Necr/Pois/Air  0%         N/A       99%         4
 Dispel Undead            Necr           0%         3d6       99%         4
 Flame Wave               Conj/Fire      0%         2d4       99%         4
 Sticky Flame             Conj/Fire      0%         2d3       99%         4
 Blade Hands              Tmut           0%         N/A       100%        5
 Freezing Cloud           Conj/Ice/Air   0%         6-21      100%        5
 Iron Shot                Conj/Erth      0%         9d1       100%        6


Dungeon Overview and Level Annotations

Branches:
Dungeon (10/15)            Temple (0/1) D:5            Lair (0/5) D:8
    Orc (2/2) D:10          Sewer (visited)          Bailey (visited)
    Elf: Orc:2

Altars:
Hepliaklqana
Okawaru
Uskayaw

Shops:
D:1 :   D:3 =   D:6 *   D:7 !

Annotations:
Orc:1 Azrael


Innate Abilities, Weirdness & Mutations

Your life essence is reduced to manifest your ancestor. (-10% HP)
You have hooves in place of feet.
You have a moderately thin skeletal structure. (Dex +4, Stealth++)
A demonic guardian rushes to your aid.
Your demonic aura sometimes causes spilled blood to erupt in flames.


Message History

You barely miss Azrael.
Azrael is lightly wounded.
You hit the orc warrior but do no damage.
You hit the orc warrior. The orc warrior barely misses you.
Azrael hits you with a +0 scimitar of flaming!
* * * LOW HITPOINT WARNING * * *
A demonic guardian appears!
Necuametl hits Azrael but does no damage.
The orc warrior hits you with a +0 halberd!
* * * LOW HITPOINT WARNING * * *
Necuametl barely misses Azrael.
You feel much better. Azrael gestures at you. The bolt of fire hits you!
You resist.
* * * LOW HITPOINT WARNING * * *
Necuametl hits Azrael with a +0 dagger of draining.
The orc warrior hits you with a +0 halberd.
* * * LOW HITPOINT WARNING * * *
The orc warrior hits you with a +0 battleaxe!
* * * LOW HITPOINT WARNING * * *
Necuametl hits Azrael with a +0 dagger of draining.
Read: 5 scrolls of fear
Press: ? - help, Q - select action, (/) - cycle Dir - look around, f - activate
As you read the scroll of fear, it crumbles to dust.
You assume a fearsome visage.
Azrael looks frightened!
The orc warrior looks frightened! x2
Necuametl hits Azrael with a +0 dagger of draining.
Necuametl's attack snaps Azrael out of his fear.
Necuametl hits Azrael with a +0 dagger of draining!
Your hellwing barely misses Azrael.
Your hellwing hits Azrael! Azrael closely misses you.
Necuametl points at Azrael and mumbles some strange words.
Azrael easily resists.
Your hellwing hits Azrael.
Your hellwing hits Azrael but does no damage.
You see here a +0 hand axe.
You slice Azrael!! You kick Azrael, but do no damage.
Azrael is severely wounded.
Azrael says, "We're having tasty Demonspawn kabobs tonight!"
Azrael hits you with a +0 scimitar of flaming.
You die...

#######...###
##.##.#.#.#..######
#.............#.#.##
##.##.....#..#.....#
####............o##
####........o.#..#.###
##.##.........[.......##
#.............†>†......####
##.#..........)@R......##.##
##....#..#.....R4..........#
#....#####.............##.##
##..####.##..............##
##.###....................#
#...#.....................#
##.#..............)....<..##
####....#........##.##....##
##............####......#


You could see the friendly Necuametl the hexer, Azrael (ally target), 2 orc
warriors and a friendly hellwing (summoned).

Vanquished Creatures
  An ettin (Orc:1)
  2 two-headed ogres
  A centaur warrior (D:10)
  An orc sorcerer (D:9)
  A gargoyle (Bailey)
  Joseph (D:8)
  A troll (D:9)
  3 hornets
  A wyvern (D:10)
  16 yaks
  2 wargs (D:8)
  3 hell hounds (Orc:1)
  A sky beast (D:6)
  Pargi (Sewer)
  4 orc warriors
  2 ogres
  5 centaurs
  2 phantoms
  A gnoll sergeant (D:7)
  A scorpion (D:7)
  A bullfrog (D:9)
  5 wights
  10 vampire bats (Bailey)
  2 electric eels (D:9)
  A hexer (Orc:1)
  5 wolf zombies (Bailey)
  2 hounds
  9 orc priests
  Jessica (D:3)
  2 iguanas (D:5)
  11 orc wizards
  7 adders
  8 gnolls
  A river rat (D:4)
  2 ufetubi
  A dart slug (D:2)
  2 worms (D:2)
  61 orcs
  8 ball pythons
  4 endoplasms
  4 giant cockroaches
  5 goblins
  5 hobgoblins
  7 jackals
  2 quokkas
  3 bats
  2 frilled lizards (Sewer)
  10 kobolds
  20 orc zombies (Bailey)
  5 rats
256 creatures vanquished.

Vanquished Creatures (collateral kills)
  A vampire (Bailey)
  A fire elemental (Orc:1)
  A yak (D:9)
  A swamp drake (D:10)
  An orc warrior (D:10)
  A centaur (D:7)
  2 bullfrogs (D:9)
  A wight (D:8)
  A wolf zombie (Bailey)
  2 hounds
  A gnoll bouda (D:7)
  3 orc priests
  2 orc wizards
  5 gnolls
  An adder (D:6)
  A shadow imp (D:7)
  9 orcs
  2 jackals (D:2)
  A ball python (Sewer)
  A kobold (D:3)
  An orc zombie (Bailey)
39 creatures vanquished.

Vanquished Creatures (others)
  4 hexers
  4 ancestors
  A plant (D:8)
9 creatures vanquished.

Grand Total: 304 creatures vanquished

Notes
Turn   | Place    | Note
-------+----------+-------------------------------------------
     0 | D:1      | Newt the Demonspawn Gladiator began the quest for the Orb.
     0 | D:1      | Reached XP level 1. HP: 16/16 MP: 1/1
    43 | D:1      | Reached skill level 1 in Stealth
   450 | D:1      | Gained mutation: You have large cloven feet. [demonic
                  | ancestry]
   450 | D:1      | Reached XP level 2. HP: 14/22 MP: 2/2
   829 | D:1      | Found Daserch's Book Boutique.
   982 | D:2      | Gained mutation: A weak demonic guardian rushes to your
                  | aid. [demonic ancestry]
   982 | D:2      | Reached XP level 3. HP: 27/27 MP: 3/3
  1090 | D:2      | Found a hazy altar of Hepliaklqana.
  1109 | D:2      | Became a worshipper of Hepliaklqana the Forgotten
  1603 | D:2      | Gained mutation: You have a somewhat thin skeletal
                  | structure. (Dex +2, Stealth+) [demonic ancestry]
  1603 | D:2      | Reached XP level 4. HP: 33/33 MP: 4/4
  1611 | D:2      | Noticed a gnoll sergeant
  1611 | D:2      | Found the +3 woodcutter's axe {vorpal}
  2008 | D:3      | Found Mazasy's Jewellery Shoppe.
  2064 | D:3      | Reached skill level 1 in Axes
  2211 | D:3      | Noticed Jessica
  2222 | D:3      | Killed Jessica
  2223 | D:3      | Reached skill level 2 in Axes
  2244 | D:3      | Reached * piety under Hepliaklqana
  2300 | D:3      | Noticed an ogre
  2369 | D:3      | Killed an ogre
  2370 | D:3      | Reached skill level 3 in Axes
  2370 | D:3      | Gained mutation: You have hoof-like feet. [demonic
                  | ancestry]
  2370 | D:3      | Reached XP level 5. HP: 13/34 MP: 5/5
  2864 | D:3      | Found an iron altar of Okawaru.
  3214 | D:4      | Reached skill level 4 in Axes
  3214 | D:4      | Gained mutation: You have hooves in place of feet. [demonic
                  | ancestry]
  3214 | D:4      | Reached XP level 6. HP: 39/39 MP: 6/6
  3325 | D:4      | Found a glowing drain.
  3330 | D:4      | Reached skill level 1 in Armour
  3339 | Sewer    | Entered a sewer
  3545 | Sewer    | Noticed Pargi
  3551 | Sewer    | Killed Pargi
  3745 | D:4      | Reached XP level 7. HP: 41/45 MP: 7/7
  3858 | D:5      | Entered Level 5 of the Dungeon
  3893 | D:5      | Found a staircase to the Ecumenical Temple.
  4083 | D:5      | Reached ** piety under Hepliaklqana
  4084 | D:5      | Remembered your ancestor Necuametl as a hexer
  4444 | D:6      | Reached skill level 5 in Axes
  4458 | D:6      | Reached XP level 8. HP: 46/54 MP: 8/8
  4641 | D:6      | Reached skill level 6 in Axes
  4705 | D:6      | Found a hide-covered altar of Uskayaw.
  4723 | D:6      | Found Tuvealer's Assorted Antiques.
  4728 | D:6      | Bought a green potion for 21 gold pieces
  4728 | D:6      | Bought a bloodstained war axe for 204 gold pieces
  4728 | D:6      | Identified the +12 war axe of Conscience {holy, Dex+2} (You
                  | bought it in a shop on level 6 of the Dungeon)
  4738 | D:6      | Reached skill level 1 in Evocations
  4968 | D:7      | Found Yluirud's Distillery.
  5086 | D:7      | Reached skill level 5 in Evocations
  5102 | D:7      | Bought a potion of curing for 36 gold pieces
  5431 | D:8      | Reached *** piety under Hepliaklqana
  5537 | D:8      | Noticed a two-headed ogre
  5552 | D:8      | Killed a two-headed ogre
  5553 | D:8      | Reached skill level 7 in Axes
  5553 | D:8      | Reached XP level 9. HP: 33/58 MP: 9/9
  5657 | D:8      | Found a staircase to the Lair.
  5666 | D:8      | Reached skill level 5 in Armour
  5689 | D:8      | Found a flagged portal.
  5706 | Bailey   | Entered a bailey
  5767 | Bailey   | Found the +4 Cigotuvi's embrace {rMiasma Drain rN+}
  5863 | Bailey   | Reached skill level 8 in Axes
  5879 | Bailey   | Reached skill level 5 in Fighting
  6022 | Bailey   | Noticed a gargoyle
  6036 | Bailey   | Killed a gargoyle
  6583 | Bailey   | Identified the +5 scale mail "Allua" {rC+ Str+3}
  6693 | D:8      | Gained mutation: Your demonic aura sometimes causes spilled
                  | blood to erupt in flames. [demonic ancestry]
  6693 | D:8      | Reached XP level 10. HP: 36/68 MP: 10/10
  6697 | D:8      | Reached skill level 5 in Dodging
  6911 | D:8      | Noticed Joseph
  6921 | D:8      | Killed Joseph
  7754 | D:9      | Noticed a two-headed ogre
  7762 | D:9      | Killed a two-headed ogre
  7773 | D:9      | Reached **** piety under Hepliaklqana
  7782 | D:9      | Noticed an orc sorcerer
  7788 | D:9      | Killed an orc sorcerer
  8100 | D:9      | Gained mutation: You have a moderately thin skeletal
                  | structure. (Dex +4, Stealth++) [demonic ancestry]
  8100 | D:9      | Reached XP level 11. HP: 41/72 MP: 11/11
  8293 | D:9      | Paralysed by a hornet for 1 turns
  8580 | D:9      | Identified the +1 cloak of Subjectivity {+Inv rC+}
  8900 | D:9      | Reached skill level 9 in Axes
  8900 | D:9      | Gained mutation: A demonic guardian rushes to your aid.
                  | [demonic ancestry]
  8900 | D:9      | Reached XP level 12. HP: 82/82 MP: 12/12
  8940 | D:10     | Entered Level 10 of the Dungeon
  8947 | D:10     | Reached skill level 10 in Axes
  9363 | D:10     | Found a staircase to the Orcish Mines.
  9542 | D:10     | Noticed a centaur warrior
  9548 | D:10     | Killed a centaur warrior
  9945 | Orc:1    | Entered Level 1 of the Orcish Mines
  9945 | Orc:1    | Reached ***** piety under Hepliaklqana
  9976 | Orc:1    | Noticed an ettin
  9990 | Orc:1    | Killed an ettin
 10097 | Orc:2    | Entered Level 2 of the Orcish Mines
 10099 | Orc:2    | Noticed Azrael
 10589 | Orc:1    | Reached skill level 1 in Invocations
 10793 | Orc:1    | HP: 2/73 [orc warrior/+0 halberd (10)]
 10797 | Orc:1    | Slain by Azrael

Illustrated notes

Levels and vault maps discovered:
D:1:      dpeg_arrival_rooms_a, layout_basic, serial_shops,
          nicolae_shop_window_shopping
D:2:      layout_basic, basic_altar, kennysheep_path_1,
          pf_guarded_unrand_woodcutter
D:3:      layout_loops_ring, mainiacjoe_overflow_six_doors_small, serial_shops,
          shop, chequers_decorated_corner, roderic_malta_cross, uniq_jessica
D:4:      layout_rooms, portal_sewer_entry_c
D:5:      layout_cave_pools, minmay_temple_entry_from_below_a
D:6:      layout_rooms, lemuel_doored_altar, serial_shops, shop
D:7:      layout_rooms, serial_shops, shop, serial_glass, glass_columns_b,
          glass_columns_b, glass_columns_a, glass_columns_a
D:8:      layout_basic, erik_lair_orcish_takeover, enter_bailey_2, uniq_joseph
D:9:      cheibrodos_wizards_tower, layout_cave_pools, tso_altar,
          water_maze_lemuel
D:10:     layout_loops_ring, mainiacjoe_overflow_brackets, erik_orc_1
Orc:1:    nicolae_orc_accident_2, layout_caves, basic_altar
Orc:2:    grunt_orc_tribal_feast, layout_caves, mines2_david, uniq_donald,
          uniq_azrael

Skill      XL: |  1  2  3  4  5  6  7  8  9 10 11 12 |
---------------+-------------------------------------+-----
Stealth        | 1 2 3 |  3.1
Short Blades   | 3 4 |  4.0
Axes           | 3 4 5 7 8 9 10 | 10.0
Armour         | 3 4 5 6 7 8 |  8.0
Dodging        | 3 4 6 |  6.2
Fighting       | 4 6 7 9 |  9.0
Evocations     | 5 9 |  9.0
Invocations    | 2 |  2.8
Throwing       | |  1.7

Action                   |  1- 3 |  4- 6 |  7- 9 | 10-12 || total
-------------------------+-------+-------+-------+-------++-------
Melee: Rapier            |   125 |     2 |       |       ||   127
       Kick              |    10 |    25 |    54 |    56 ||   145
       Battleaxe         |       |   114 |   203 |   140 ||   457
 Fire: Sling             |    10 |     4 |    28 |    14 ||    56
Invok: Recall Ancestor   |       |     1 |     1 |       ||     2
       Ancestor Identity |       |       |     2 |       ||     2
       Ancestor Life: He |       |       |     1 |       ||     1
Evoke: Wand              |       |       |     4 |       ||     4
  Use: Scroll            |     1 |     4 |     8 |     8 ||    21
       Potion            |       |       |     7 |     2 ||     9
 Stab: Sleeping          |     1 |       |     1 |     4 ||     6
       Confused          |       |       |     9 |     4 ||    13
       Distracted        |       |       |     4 |     2 ||     6
Armor: Leather armour    |    29 |       |    30 |    31 ||    90
       Chain mail        |    50 |    66 |       |       ||   116
       Troll leather arm |       |     2 |    38 |       ||    40
       Ring mail         |       |       |       |    11 ||    11
Dodge: Dodged            |    95 |    57 |   200 |   109 ||   461

Table legend: (Time is in decaauts)
 A = Elapsed time spent in this place.
 B = Non-inter-level travel time spent in this place.
 C = Inter-level travel time spent in this place.
 D = Time resting spent in this place.
 E = Time spent auto-exploring this place.
 F = Levels seen in this place.
 G = Mean time per level.
                   A        B        C        D        E       F      G
               +--------+--------+--------+--------+--------+-----+--------+
         Total |  10836 |  10496 |    340 |   2742 |   3495 |  14 |  774.0 |
       Dungeon |   8729 |   8389 |    340 |   1582 |   3187 |  10 |  872.9 |
  Orcish Mines |    858 |    858 |      0 |    657 |     60 |   2 |  429.0 |
         Sewer |    278 |    278 |      0 |    122 |     21 |   1 |  278.0 |
        Bailey |    971 |    971 |      0 |    381 |    227 |   1 |  971.0 |
               +--------+--------+--------+--------+--------+-----+--------+

Top non-repeatable levels by time:
     D:8: 1419 daAuts
     D:3: 1300 daAuts
     D:9: 1184 daAuts
    D:10: 1004 daAuts
  Bailey: 971 daAuts
     D:2: 956 daAuts
     D:1: 955 daAuts
   Orc:1: 844 daAuts
     D:7: 572 daAuts
     D:5: 531 daAuts
     D:4: 411 daAuts
     D:6: 393 daAuts
   Sewer: 278 daAuts
   Orc:2: 14 daAuts
